 Dungeon Crawl Stone Soup version 0.31-a0-986-g5e6e4ef867 (webtiles) character file.

Game seed: 15091624346281816548

16365 jestert79 the Mimic (level 12, -9/75 HPs)
             Began as an Octopode Shapeshifter on Nov 17, 2023.
             Was a High Priest of Vehumet.
             Mangled by a five-headed hydra (13 damage)
             ... on level 2 of the Lair of Beasts.
             The game lasted 00:56:20 (14521 turns).

jestert79 the Mimic (Octopode Shapeshifter)        Turns: 14521, Time: 00:56:21

Health: -9/75      AC:  1    Str: 14    XL:     12   Next: 36%
Magic:  16/16      EV: 25    Int: 12    God:    Vehumet [*****.]
Gold:   558        SH:  8    Dex: 16    Spells: 3/17 levels left

rFire   + .          .
                       - Unarmed
rCold   . . .        M - +3 buckler
rNeg    . . .        (helmet restricted)
rPois   .            w - amulet of magic regeneration
rElec   .            v - +5 ring of evasion
rCorr   .            H - +5 ring of evasion
SInv    .            J - ring of protection from fire
Will    .....        (no ring)
Stlth   ++++         (no ring)
HPRegen 0.32/turn    (no ring)
MPRegen 0.55/turn    (no ring)
                     (no ring)

%: no passive effects
@: about to teleport, maw-form, studying Unarmed Combat
A: devouring maw, almost no armour, amphibious, 8 rings, camouflage 1,
gelatinous body 1, (nimble swimmer 1), tentacles
a: Begin Untransformation, Renounce Religion


You were on level 2 of the Lair of Beasts.
You worshipped Vehumet.
Vehumet was extremely pleased with you.
You were a creature with a mouth for a stomach.
You visited 3 branches of the dungeon, and saw 14 of its levels.
You also visited: Ossuary.

You collected 828 gold pieces.
You spent 270 gold pieces at shops.

Inventory:

Hand Weapons
 b - a +0 sling
Missiles
 s - 3 throwing nets
 x - 23 poisoned darts (quivered)
 C - a curare-tipped dart
Armour
 M - a +3 buckler (worn)
Magical Staves
 h - a staff of poison
Jewellery
 v - a +5 ring of evasion (left tentacle)
 w - an amulet of magic regeneration (around mantle)
 H - a +5 ring of evasion (right tentacle)
 J - a ring of protection from fire (on tentacle)
Talismans
 c - a flux talisman
 i - a beast talisman
 t - a maw talisman (active)
 G - a blade talisman
Wands
 o - a wand of iceblast (4)
 y - a wand of digging (3)
 K - a wand of light (12)
Scrolls
 d - 4 scrolls of noise
 f - 4 scrolls of revelation
 j - 3 scrolls of fear
 k - 3 scrolls of teleportation
 m - 2 scrolls of amnesia
 p - a scroll of poison
 q - a scroll of enchant armour
 D - a scroll of fog
Potions
 a - 3 potions of lignification
 e - 3 potions of heal wounds
 g - 2 potions of brilliance
 l - a potion of resistance
 n - a potion of haste {unknown}
 r - 10 potions of curing {unknown}
 u - 2 potions of invisibility
 z - 2 potions of mutation
 A - 2 potions of ambrosia
 F - a potion of cancellation
 I - a potion of attraction


   Skills:
 + Level 4.5 Fighting
 + Level 5.4 Dodging
 - Level 4.0 Stealth
 - Level 5.0 Shields
 + Level 10.8 Unarmed Combat
 - Level 3.2 Spellcasting
 + Level 4.9 Conjurations
 + Level 6.0 Fire Magic
 - Level 2.2 Earth Magic
 - Level 10.8 Shapeshifting


You had 3 spell levels left.
You knew the following spells:

 Your Spells              Type           Power      Damage    Failure   Level
a - Scorch                Fire           32%        2d6       1%          2
b - Stone Arrow           Conj/Erth      20%        3d8       6%          3
c - Flame Wave            Conj/Fire      15%        2d7       9%          4
d - Fireball              Conj/Fire      7%         3d5       22%         5

Your spell library contained the following spells:

 Spells                   Type           Power      Damage    Failure   Level
 Sticky Flame             Conj/Fire      15%        2d4       9%          4
 Magic Dart               Conj           52%        1d5       1%          1
 Momentum Strike          Conj/Tloc      14%        3d8       4%          2
 Inner Flame              Hex/Fire       9%         N/A       7%          3
 Mephitic Cloud           Conj/Pois/Air  5%         N/A       13%         3
 Passwall                 Tmut/Erth      3%         N/A       28%         2
 Blink                    Tloc           2%         N/A       43%         2
 Call Imp                 Summ           2%         N/A       43%         2
 Ensorcelled Hibernation  Hex/Ice        2%         N/A       43%         2
 Lesser Beckoning         Tloc           2%         N/A       43%         2
 Gell's Gravitas          Tloc           1%         N/A       67%         3
 Swiftness                Air            1%         N/A       67%         3
 Teleport Other           Tloc           1%         N/A       67%         3
 Yara's Violent Unravell  Hex/Tmut       0%         3d3       88%         5
 Enfeeble                 Hex            0%         N/A       100%        7


Dungeon Overview and Level Annotations

Branches:
Dungeon (11/15)            Temple (0/1) D:7            Lair (2/5) D:9
    Orc (1/2) D:9         Ossuary (visited)
  Swamp: Lair:2-3    Shoals: Lair:2-3     Snake: Lair:2-3    Spider: Lair:2-3

Altars:
Ashenzari
Dithmenos
Fedhas
Hepliaklqana
Kikubaaqudgha
Qazlal
Trog
Vehumet
Wu Jian
Xom
The Shining One

Shops:
D:1 ?   D:9 :

Annotations:
D:4 3 runed translucent doors, Cadnt's ghost, amateur DsHu; SirDiesAlot's ghost, amateur OpFE
D:5 1 runed translucent door, Frost42's ghost, novice DrCj
Lair:2 Amaemon


Innate Abilities, Weirdness & Mutations

You are a creature with a mouth for a stomach.
Your midsection houses a second, enormous mouth.
You cannot wear most types of armour.
You are amphibious.
You can wear up to eight rings at the same time.
Your skin changes colour to match your surroundings (Stealth+).
Your rubbery body absorbs attacks. (AC +1, EV +1)
((You are camouflaged when in or above water. (Stealth+)))
You have tentacles for arms and can constrict up to eight enemies at once.


Message History

The seven-headed hydra bites you.
* * * LOW HITPOINT WARNING * * *
The seven-headed hydra misses you.
The seven-headed hydra completely misses you.
The seven-headed hydra bites you!
* * * LOW HITPOINT WARNING * * *
The seven-headed hydra completely misses you.
You block the seven-headed hydra's attack.
Unknown command.
Blink to where?
Press: ? - help, Dir - move target
As you read the scroll of blinking, it crumbles to dust.
Unknown command.
Your surroundings suddenly seem different.
Found a falchion.
You start resting.
A cane toad is nearby!
The five-headed hydra roars!
The cane toad croaks.
As you read the scroll of fear, it crumbles to dust.
You assume a fearsome visage.
The cane toad looks frightened!
The five-headed hydra easily resists.
As you read the scroll of teleportation, it crumbles to dust.
You feel strangely unstable.
You feel much better.
You batter the five-headed hydra!!
You tentacle-slap the five-headed hydra!
You bite the five-headed hydra.
The five-headed hydra is heavily wounded.
The five-headed hydra closely misses you.
The five-headed hydra bites you!
* * * LOW HITPOINT WARNING * * *
The five-headed hydra bites you!
* * * LOW HITPOINT WARNING * * *
You block the five-headed hydra's attack.
The five-headed hydra bites you!
* * * LOW HITPOINT WARNING * * *
You barely miss the five-headed hydra. You bite the five-headed hydra.
The five-headed hydra is heavily wounded.
The five-headed hydra bites you!
You die...

### .##~#..###
....~...W#
~...~~.D##
~...~P~.#
~...)~~.#
≈~.P..~~#
..#...~≈≈~...~..
......P~~...~~.#
.......~~~~~~~~#
....^P~~≈≈≈~≈~~


You could see a five-headed hydra.

Vanquished Creatures
  4 two-headed ogres (D:10)
  An elephant (D:9)
  A black mamba (Lair:1)
  2 cane toads (Lair:1)
  4 kobold demonologists
  A rime drake (Lair:1)
  Jeremiah (D:7)
  3 komodo dragons (Lair:1)
  4 trolls
  3 blink frogs
  Grinder (D:4)
  6 spriggans (Lair:1)
  Sigmund (D:6)
  A shadow (D:10)
  2 wyverns (D:10)
  2 yaks
  2 vampires (D:10)
  4 wraiths
  4 basilisks
  4 vampire mosquitoes (D:10)
  An acid dragon (D:10)
  3 water moccasins
  6 orc warriors
  3 ice beasts
  4 sky beasts
  5 ogres
  3 wolves (Lair:1)
  3 centaurs
  4 kobold brigands
  7 bullfrogs
  4 scorpions
  A gnoll sergeant (Orc:1)
  6 water moccasin zombies (Ossuary)
  A wight (D:10)
  7 killer bees (D:9)
  A howler monkey (D:8)
  2 hounds (D:4)
  3 orc priests
  5 iguanas
  A sleepcap (D:5)
  Jessica (D:3)
  2 orc wizards
  Natasha (thrice) (D:3)
  2 mummies (Ossuary)
  4 gnolls (Orc:1)
  6 adders
  A river rat (Lair:1)
  2 ufetubi (D:6)
  2 adder zombies (Ossuary)
  2 worms
  2 dart slugs
  29 orcs
  9 ball pythons
  4 endoplasms
  5 giant cockroaches
  4 hobgoblins
  2 jackals (D:4)
  16 kobolds
  2 quokkas
  3 bats
  2 frilled lizards
  A gnoll zombie (Ossuary)
  3 goblins
  5 hobgoblin zombies (Ossuary)
  4 kobold zombies (Ossuary)
  6 orc zombies (Ossuary)
  4 rats
247 creatures vanquished.

Notes
Turn   | Place    | Note
-------+----------+-------------------------------------------
     0 | D:1      | jestert79 the Octopode Shapeshifter began the quest for the
                  | Orb.
     0 | D:1      | Reached XP level 1. HP: 13/13 MP: 1/1
   233 | D:1      | Reached XP level 2. HP: 18/18 MP: 2/2
   290 | D:1      | Found Eseiqi's Magic Scroll Shop.
   845 | D:2      | Reached XP level 3. HP: 16/23 MP: 3/3
  1410 | D:3      | Noticed Natasha
  1415 | D:3      | Killed Natasha
  1416 | D:3      | Reached XP level 4. HP: 28/28 MP: 4/4
  1448 | D:3      | Found a faded altar of an unknown god.
  1451 | D:3      | Prayed at the altar of an unknown god.
  1451 | D:3      | Became a worshipper of Vehumet
  1451 | D:3      | Reached * piety under Vehumet
  1451 | D:3      | Offered knowledge of Shock by Vehumet.
  1542 | D:3      | Noticed Natasha
  1739 | D:3      | Killed Natasha
  1764 | D:3      | Noticed Jessica
  1767 | D:3      | Killed Jessica
  1768 | D:3      | Reached XP level 5. HP: 20/33 MP: 5/5
  1802 | D:3      | Noticed Natasha
  1813 | D:3      | Killed Natasha
  2178 | D:4      | Offered knowledge of Scorch by Vehumet.
  2182 | D:4      | Reached ** piety under Vehumet
  2187 | D:4      | Learned a level 2 spell: Scorch
  2342 | D:4      | Found a runed translucent gate.
  2343 | D:4      | Found a runed translucent gate.
  2343 | D:4      | Found a runed translucent gate.
  2344 | D:4      | Noticed Cadnt's ghost (amateur DsHu)
  2344 | D:4      | Noticed SirDiesAlot's ghost (amateur OpFE)
  2360 | D:4      | Reached skill level 1 in Spellcasting
  2360 | D:4      | Reached skill level 1 in Fire Magic
  2630 | D:4      | Noticed Grinder
  2632 | D:4      | Paralysed by Grinder for 3 turns
  2647 | D:4      | Killed Grinder
  2648 | D:4      | Reached XP level 6. HP: 17/38 MP: 6/9
  2838 | D:4      | Reached XP level 7. HP: 41/43 MP: 4/10
  3002 | D:5      | Entered Level 5 of the Dungeon
  3102 | D:5      | Found a sand-covered staircase.
  3198 | Ossuary  | Entered an ossuary
  3281 | Ossuary  | Offered knowledge of Stone Arrow by Vehumet.
  3288 | Ossuary  | Reached skill level 5 in Unarmed Combat
  3298 | Ossuary  | Learned a level 3 spell: Stone Arrow
  3443 | Ossuary  | Reached skill level 5 in Shapeshifting
  3443 | Ossuary  | Reached XP level 8. HP: 35/48 MP: 11/11
  3447 | Ossuary  | Reached *** piety under Vehumet
  3691 | D:1      | Bought a scroll of identify for 20 gold pieces
  3691 | D:1      | Bought a scroll of revelation for 75 gold pieces
  3691 | D:1      | Bought a scroll of blinking for 75 gold pieces
  3691 | D:1      | Bought a scroll of butterflies for 40 gold pieces
  3691 | D:1      | Bought a scroll of fog for 40 gold pieces
  3883 | D:5      | Found a shimmering altar of Xom.
  3913 | D:5      | Found a shimmering altar of Xom.
  3914 | D:5      | Found a shimmering altar of Xom.
  3914 | D:5      | Found a shimmering altar of Xom.
  3917 | D:5      | Found a shimmering altar of Xom.
  4170 | D:5      | Found a runed translucent door.
  4171 | D:5      | Noticed Frost42's ghost (novice DrCj)
  4724 | D:1      | Bought a scroll of identify for 20 gold pieces
  5033 | D:5      | Identified the +1 pair of gloves of Ceddunup {Will+ Int+5}
  5040 | D:6      | Noticed Sigmund
  5047 | D:6      | Killed Sigmund
  5235 | D:6      | Reached XP level 9. HP: 43/53 MP: 4/12
  5504 | D:6      | Offered knowledge of Flame Wave by Vehumet.
  5515 | D:6      | Learned a level 4 spell: Flame Wave
  5849 | D:7      | Found an ornate altar of the Wu Jian Council.
  6197 | D:7      | Found a staircase to the Ecumenical Temple.
  6542 | D:7      | Noticed Jeremiah
  6552 | D:7      | Killed Jeremiah
  6807 | D:8      | Found a blossoming altar of Fedhas.
  7262 | D:8      | Found a stormy altar of Qazlal.
  7829 | D:8      | Found a glowing golden altar of the Shining One.
  8055 | D:9      | Noticed an elephant
  8163 | D:9      | Reached XP level 10. HP: 53/58 MP: 13/13
  8186 | D:9      | Reached **** piety under Vehumet
  8434 | D:9      | Found a broken altar of Ashenzari.
  8434 | D:9      | Found a shadowy altar of Dithmenos.
  8440 | D:9      | Found a radiant altar of Vehumet.
  8442 | D:9      | Found a hazy altar of Hepliaklqana.
  8459 | D:9      | Offered knowledge of Fireball by Vehumet.
  8466 | D:9      | Learned a level 5 spell: Fireball
  8500 | D:9      | Found a staircase to the Lair.
  8502 | D:9      | Noticed a kobold demonologist
  8515 | D:9      | Noticed a kobold demonologist
  8607 | D:9      | Found a staircase to the Orcish Mines.
  8890 | D:9      | Noticed a kobold demonologist
  9080 | D:9      | Noticed a rust devil
  9156 | D:9      | Noticed a soul eater
  9156 | D:9      | Killed a kobold demonologist
  9286 | D:9      | Found Peduvuk's Self-Improvement Boutique.
  9502 | D:9      | Reached skill level 10 in Shapeshifting
  9576 | D:9      | Killed a kobold demonologist
  9667 | D:9      | Killed an elephant
  9668 | D:9      | Reached skill level 10 in Unarmed Combat
 10281 | D:9      | Found a bloodstained altar of Trog.
 10555 | D:11     | Identified the "Unilurrisku"
 10555 | D:14     | Identified the "Bifoudix"
 10555 | Orc:1    | Entered Level 1 of the Orcish Mines
 10629 | Orc:1    | Reached XP level 11. HP: 65/67 MP: 14/14
 10639 | Orc:1    | Noticed an orc warlord
 10658 | Lair:1   | Entered Level 1 of the Lair of Beasts
 10778 | Lair:1   | Found a stormy altar of Qazlal.
 11151 | Lair:1   | Reached skill level 5 in Dodging
 11831 | Lair:2   | Reached skill level 1 in Shields
 11918 | Lair:2   | Noticed a seven-headed hydra
 12050 | Lair:2   | Noticed a five-headed hydra
 12265 | Lair:2   | Noticed Amaemon
 12584 | Lair:1   | Reached skill level 1 in Conjurations
 12808 | D:10     | Entered Level 10 of the Dungeon
 12818 | D:10     | Identified a scroll of acquirement
 12818 | D:10     | Acquired a manual of Unarmed Combat
 13149 | D:10     | Found an ancient bone altar of Kikubaaqudgha.
 13181 | D:10     | Noticed a two-headed ogre
 13191 | D:10     | Killed a two-headed ogre
 13192 | D:10     | Reached skill level 1 in Earth Magic
 13262 | D:10     | Noticed a two-headed ogre
 13272 | D:10     | Killed a two-headed ogre
 13408 | D:10     | Noticed a two-headed ogre
 13480 | D:10     | Reached XP level 12. HP: 75/75 MP: 15/15
 13656 | D:10     | Noticed a two-headed ogre
 13663 | D:10     | Killed a two-headed ogre
 13664 | D:10     | Reached skill level 5 in Shields
 13664 | D:10     | Reached skill level 5 in Fire Magic
 13878 | D:10     | Killed a two-headed ogre
 14002 | D:10     | Reached ***** piety under Vehumet
 14065 | D:10     | Offered knowledge of Sticky Flame by Vehumet.
 14521 | Lair:2   | Mangled by a five-headed hydra

Illustrated notes

Levels and vault maps discovered:
D:1:      amcnicky_arrival_wind_blow, layout_basic, serial_shops, shop
D:2:      layout_loops_ring
D:3:      layout_basic, basic_ecumenical_altar, due_unseen_surprise,
          uniq_jessica, uniq_natasha
D:4:      layout_loops_cross, gammafunk_ghost_cemetery, nrook_campfire,
          uniq_grinder
D:5:      layout_basic, xom_redecorated, chequers_ossuary_entry_cave,
          serial_glass, glass_columns_a, glass_columns_a,
          hellmonk_ghost_happy_afterlife, minmay_gold_behind_fungi,
          minmay_increasing_density
D:6:      layout_loops_cross, hangedman_decor_points, uniq_sigmund
D:7:      layout_cave_pools, mainiacjoe_overflow_surrounded_room,
          minmay_temple_entry_nine_rooms, uniq_jeremiah
D:8:      layout_cave_pods, lemuel_crystal_altar,
          mainiacjoe_overflow_tiny_flanked, fedhas_altar_3,
          nicolae_elevator_lobby_asterisk
D:9:      layout_basic, trog_butcher_becter,
          nicolae_overflow_macrodata_refinement, david_lair_generic,
          orc_david_3, nicolae_shop_self_help
D:10:     minmay_skewed_foursquare, layout_loops_ring, kennysheep_little_box,
          minmay_fractal_squares_5
D:11:     layout_cave_pools, portal_ice_cave_rime, serial_shops,
          nicolae_stop_n_shop_1, hangedman_corner_corridor
Lair:1:   layout_chaotic_city, basic_altar, chequers_serial_rivers_small_a,
          wad_woods_01, serial_bayou_shore_b, grunt_megastairs_3
Lair:2:   layout_hall_layers, guppyfry_snake_entry_garden,
          dreamdust_mushroom_princess, pond, uniq_amaemon, uniq_maggie
Orc:1:    layout_caves

Skill      XL: |  1  2  3  4  5  6  7  8  9 10 11 12 |
---------------+-------------------------------------+-----
Dodging        | 3 4 5 |  5.4
Unarmed Combat | 4 5 7 9 10 | 10.8
Shapeshifting  | 4 5 6 8 10 | 10.8
Spellcasting   | 2 3 |  3.2
Fire Magic     | 2 4 6 |  6.0
Stealth        | 4 |  4.0
Fighting       | 3 4 |  4.5
Shields        | 4 5 |  5.0
Conjurations   | 3 4 |  4.9
Earth Magic    | 2 |  2.2

Action                     |  1- 3 |  4- 6 |  7- 9 | 10-12 || total
---------------------------+-------+-------+-------+-------++-------
  Melee: Unarmed           |    29 |    72 |   202 |   302 ||   605
         Constrict         |     6 |    21 |    51 |    57 ||   135
         Punch             |     2 |     1 |     5 |    24 ||    32
         Tentacles         |    10 |    22 |    58 |    87 ||   177
         Maw               |       |       |       |   105 ||   105
   Fire: Sling             |    15 |       |     1 |     1 ||    17
  Throw: Throwing net      |       |       |     1 |       ||     1
         Dart              |       |       |       |    32 ||    32
   Cast: Scorch            |       |     2 |    69 |    67 ||   138
         Flame Wave        |       |       |       |     1 ||     1
         Stone Arrow       |       |       |       |    18 ||    18
  Evoke: Wand              |       |     2 |       |       ||     2
    Use: Scroll            |       |       |     5 |    20 ||    25
         Potion            |       |       |     1 |     1 ||     2
   Stab: Sleeping          |     5 |     1 |     4 |     3 ||    13
         Held in net/web   |       |       |     1 |       ||     1
         Distracted        |       |       |       |     2 ||     2
 Armour: Skin              |     6 |    26 |    52 |   101 ||   185
  Dodge: Dodged            |    13 |    42 |   123 |   282 ||   460
  Block: Buckler           |       |       |       |    38 ||    38
   Form: Maw               |       |       |       |     1 ||     1

Table legend: (Time is in decaauts)
 A = Elapsed time spent in this place.
 B = Non-inter-level travel time spent in this place.
 C = Inter-level travel time spent in this place.
 D = Time resting spent in this place.
 E = Time spent auto-exploring this place.
 F = Levels seen in this place.
 G = Mean time per level.
                   A        B        C        D        E       F      G
               +--------+--------+--------+--------+--------+-----+--------+
         Total |  14472 |  12960 |   1512 |   3058 |   6214 |  15 |  964.8 |
       Dungeon |  11912 |  10728 |   1184 |   2126 |   5734 |  11 | 1082.9 |
          Lair |   2173 |   1846 |    327 |    802 |    462 |   2 | 1086.5 |
  Orcish Mines |     76 |     76 |      0 |      2 |      0 |   1 |   76.0 |
       Ossuary |    310 |    310 |      0 |    128 |     18 |   1 |  310.0 |
               +--------+--------+--------+--------+--------+-----+--------+

Top non-repeatable levels by time:
     D:9: 2381 daAuts
  Lair:1: 1969 daAuts
     D:8: 1546 daAuts
    D:10: 1501 daAuts
     D:5: 1202 daAuts
     D:4: 1112 daAuts
     D:7: 1003 daAuts
     D:1: 934 daAuts
     D:6: 754 daAuts
     D:2: 736 daAuts
     D:3: 726 daAuts
 Ossuary: 310 daAuts
  Lair:2: 203 daAuts
   Orc:1: 76 daAuts
    D:11: 13 daAuts
